 Dungeon Crawl Stone Soup version 0.27-a0-1565-gad902ab807 (webtiles) character file.

Game seed: 16931290529302221553

186 Gwenloh the Slasher (level 5, -5/41 HPs)
             Began as a Human Fighter on July 17, 2021.
             Killed from afar by a steam dragon (24 damage)
             ... with a ball of steam
             ... on level 4 of the Dungeon.
             The game lasted 00:07:45 (3566 turns).

Gwenloh the Slasher (Human Fighter)                 Turns: 3566, Time: 00:07:48

Health: -5/41      AC:  7    Str: 17    XL:     5   Next: 97%
Magic:  5/5        EV:  7    Int:  8    God:
Gold:   132        SH:  9    Dex: 13    Spells: 4/4 levels left

rFire    . . .     SeeInvis .   a - +1 long sword
rCold    . . .     Faith    .   c - +0 kite shield
rNeg     . . .     Spirit   .   l - +0 scale mail
rPois    .         Reflect  .   (no helmet)
rElec    .         Harm     .   (no cloak)
rCorr    .         Rampage  .   (no gloves)
Will     .....                  u - +0 pair of boots
Stlth    ..........             (no amulet)
HPRegen  0.13/turn              (no ring)
MPRegen  0.09/turn              (no ring)

@: no status effects
A: no striking features
a: no special abilities


You were on level 4 of the Dungeon.
You visited 1 branch of the dungeon, and saw 4 of its levels.

You collected 132 gold pieces.

Inventory:

Hand Weapons
 a - a +1 long sword (weapon)
 b - a +0 hunting sling
Missiles
 g - 125 stones (quivered)
 i - 29 poisoned darts
 k - 29 bolts
 s - 12 sling bullets
Armour
 c - a +0 kite shield (worn)
 l - a +0 scale mail (worn)
 u - a +0 pair of boots (worn)
Jewellery
 j - a ring of fire
 v - an amulet of faith
Scrolls
 e - a scroll of enchant weapon
 p - a scroll of fog
 q - a scroll of silence
 w - a scroll of immolation
Potions
 d - a potion of might
 f - 3 potions of heal wounds
 h - a potion of brilliance
 m - a potion of degeneration {unknown}
 n - a potion of resistance {unknown}
 o - a potion of cancellation {unknown}
 r - a potion of curing {unknown}


   Skills:
 - Level 3.0 Fighting
 + Level 5.7 Long Blades
 - Level 3.0 Armour
 - Level 3.0 Shields


You had 4 spell levels left.
You didn't know any spells.
Your spell library contained the following spells:

 Spells                   Type           Power      Damage    Failure   Level
 Blink                    Tloc           N/A        N/A       100%        2
 Manifold Assault         Tloc           0%         N/A       100%        5
 Storm Form               Tmut/Air       0%         N/A       100%        7


Dungeon Overview and Level Annotations

Branches:
Dungeon (4/15)
 Temple: D:4-7

Altars:
Cheibriados
Vehumet
Zin

Shops:
D:2 *

Annotations:
D:2 1 runed translucent door, Crazy Yiuf
D:3 2 transporters


Message History

No target in view!
HP restored.
Found 12 poisoned darts.
Found a glowing silver altar of Zin.
Found a stone staircase leading down.
g - 124 stones (gained 1)
There is an escape hatch in the floor here.
You see here a dart slug corpse.
g - 125 stones (gained 1)
g - 126 stones (gained 1)
There is an escape hatch in the floor here.
You see here a dart slug corpse.
Found a snail-covered altar of Cheibriados.
i - 29 poisoned darts (gained 12)
There is an escape hatch in the floor here.
You see here a dart slug corpse.
A steam dragon comes into view.
Found 14 gold pieces.
You shoot a stone.
The stone hits the steam dragon but does no damage.
No target in view!
You shoot a sling bullet. The sling bullet hits the steam dragon.
The steam dragon is lightly wounded.
You shoot a sling bullet. The sling bullet hits the steam dragon.
The steam dragon is moderately wounded.
The steam dragon bites you but does no damage.
The steam dragon claws you but does no damage.
a - a +1 long sword (weapon)
The steam dragon breathes steam at you. The ball of steam hits you!!
You hit the steam dragon.
The steam dragon is moderately wounded.
You are engulfed in a cloud of scalding steam.
You block the steam dragon's attack. x2
You hit the steam dragon.
The steam dragon is heavily wounded.
You are engulfed in a cloud of scalding steam.
The steam dragon breathes steam at you. The ball of steam hits you!!
Ouch! That really hurt!
You die...

#.##.....# ........########
.#####..# #..##8...8# .######..
#..##.....## ......#.#
#..#_....._# ........#
#..##.....# .# .. $..(....#
#..##8...8# .#. ..
....(#.#####..# ##>## ...# #.
.......D@§..#..#########
....##.##......§...§..>........#
....................###.########
......#.............# #.#
........#.[.........# #.#
..#..............###.#
#.#.#.#####..........#
#.#.#..####..........#
#.#.##....#.......#.##


You could see a steam dragon (catching breath).

Vanquished Creatures
  2 orc priests (D:3)
  A howler monkey skeleton (D:3)
  A gnoll (D:2)
  5 adders
  A worm (D:2)
  3 dart slugs
  5 orcs
  6 ball pythons
  3 endoplasms
  6 giant cockroaches
  7 goblins
  2 quokkas
  3 bats
  A frilled lizard (D:1)
  5 kobolds
  4 rats (D:1)
55 creatures vanquished.

Vanquished Creatures (others)
  2 fungi (D:2)
  2 plants (D:2)
4 creatures vanquished.

Grand Total: 59 creatures vanquished

Notes
Turn   | Place    | Note
-------+----------+-------------------------------------------
     0 | D:1      | Gwenloh the Human Fighter began the quest for the Orb.
     0 | D:1      | Reached XP level 1. HP: 18/18 MP: 1/1
   282 | D:1      | Reached XP level 2. HP: 24/24 MP: 2/2
   816 | D:2      | Reached skill level 3 in Long Blades
  1063 | D:2      | Reached XP level 3. HP: 29/29 MP: 3/3
  1191 | D:2      | Found a radiant altar of Vehumet.
  1497 | D:2      | Reached skill level 4 in Long Blades
  1497 | D:2      | Reached XP level 4. HP: 31/35 MP: 4/4
  1685 | D:2      | Found a runed translucent door.
  1686 | D:2      | Noticed Crazy Yiuf
  1945 | D:2      | Found Soyr's Assorted Antiques.
  2022 | D:2      | Found a faded altar of an unknown god.
  2237 | D:3      | Found a transporter.
  2264 | D:3      | Found a transporter.
  2636 | D:4      | Reached XP level 5. HP: 34/41 MP: 5/5
  2723 | D:3      | Reached skill level 5 in Long Blades
  3529 | D:4      | Found a glowing silver altar of Zin.
  3543 | D:4      | Found a snail-covered altar of Cheibriados.
  3559 | D:4      | Noticed a steam dragon
  3566 | D:4      | Killed from afar by a steam dragon

Illustrated notes

Levels and vault maps discovered:
D:1:      dpeg_arrival_houses_and_road, layout_loops_cross, st_stairs_11
D:2:      minmay_door_path, layout_basic, shapermc_ecumenical_altar_petra,
          basic_altar, serial_shops, nicolae_square_shop, minmay_surrounded,
          uniq_crazy_yiuf_cottage
D:3:      gammafunk_wand_slinger, layout_loops_ring, amethyst_killhole,
          st_stairs_13, hangedman_decor_push, chequers_serial_rivers_small_b,
          grunt_ministairs_10, solitary_fountain
D:4:      layout_rooms, nicolae_overflow_hidden_temple,
          mainiacjoe_overflow_24_doors

Skill      XL: |  1  2  3  4  5 |
---------------+----------------+-----
Long Blades    | 3 4 5 |  5.7
Fighting       | |  3.0
Armour         | |  3.0
Shields        | |  3.0

Action                   |  1- 3 |  4- 6 || total
-------------------------+-------+-------++-------
Melee: Long sword        |    81 |    57 ||   138
 Fire: Hunting sling     |     6 |    76 ||    82
Throw: Stone             |     7 |       ||     7
  Use: Potion            |       |     1 ||     1
       Scroll            |       |     6 ||     6
Armor: Scale mail        |    44 |    32 ||    76
Dodge: Dodged            |    27 |    23 ||    50
Block: Kite shield       |    47 |    33 ||    80
       Rpst.: Long sword |     8 |     4 ||    12

Table legend: (Time is in decaauts)
 A = Elapsed time spent in this place.
 B = Non-inter-level travel time spent in this place.
 C = Inter-level travel time spent in this place.
 D = Time resting spent in this place.
 E = Time spent auto-exploring this place.
 F = Levels seen in this place.
 G = Mean time per level.
                   A        B        C        D        E       F      G
               +--------+--------+--------+--------+--------+-----+--------+
         Total |   3657 |   3451 |    206 |    106 |   2703 |   4 |  914.2 |
       Dungeon |   3657 |   3451 |    206 |    106 |   2703 |   4 |  914.2 |
               +--------+--------+--------+--------+--------+-----+--------+

Top non-repeatable levels by time:
     D:2: 1261 daAuts
     D:3: 1161 daAuts
     D:1: 989 daAuts
     D:4: 245 daAuts
